 Dungeon Crawl Stone Soup version 0.29-a0-923-g6e406bff71 (webtiles) character file.

Game seed: 14380470441240934226

807 ptdevnull the Magician (level 8, -8/59 HPs)
             Began as a Djinni Necromancer on July 27, 2022.
             Was an Initiate of Ashenzari.
             Mangled by a gnoll bouda
             ... wielding a +0 club
              (10 damage)
             ... on level 7 of the Dungeon.
             The game lasted 00:15:44 (6652 turns).

ptdevnull the Magician (Djinni Necromancer)         Turns: 6652, Time: 00:15:45

Health: -8/59      AC:  4    Str:  7    XL:     8   Next: 14%
Gold:   215        EV: 11    Int: 18    God:    Ashenzari [......] SH:  0 Dex: 15

rFire   + + .      SeeInvis .   a - +3 dagger (vamp)
rCold   . . .      Faith    .   (no shield)
rNeg    . . .      Spirit   .   k - +1 leather armour {rC+}
rPois   ∞          Reflect  .   (no helmet)
rElec   .          Harm     .   (no cloak)
rCorr   .          Rampage  .   (no gloves)
Will    .....                   (boots unavailable)
Stlth   ++........              (no amulet)
HPRegen 0.19/turn               (no ring)
MPRegen 0.00/turn               (no ring)

@: flying
A: sickness immunity, fire resistance 2, cold vulnerability 1, float, innate
caster, HP casting, extra vitality 1
a: Renounce Religion


You were on level 7 of the Dungeon.
You worshipped Ashenzari.
Ashenzari was noncommittal.
You visited 2 branches of the dungeon, and saw 8 of its levels.

You collected 215 gold pieces.

Inventory:

Hand Weapons
 a - a +3 vampiric dagger (weapon)
 o - a +0 rapier
Armour
 k - a +1 leather armour of cold resistance (worn)
 C - a +0 robe
Jewellery
 f - a ring of fire
 r - a ring of wizardry
Wands
 B - a wand of paralysis (17)
 D - a wand of mindburst (8)
 F - a wand of quicksilver (9)
Scrolls
 d - a scroll of enchant weapon {unknown}
 g - 3 scrolls of noise {unknown}
 h - 3 scrolls of identify {unknown}
 i - a scroll of fog {unknown}
 l - a scroll of enchant armour {unknown}
 m - 2 scrolls of amnesia
 n - 2 scrolls of fear {unknown}
 q - 2 scrolls of immolation {unknown}
 t - a scroll of summoning {unknown}
 v - 3 scrolls of teleportation
 z - a scroll of vulnerability {unknown}
 E - a scroll of silence {unknown}
Potions
 b - 3 potions of haste {unknown}
 c - 2 potions of flight {unknown}
 e - 3 potions of heal wounds {unknown}
 j - a potion of invisibility {unknown}
 p - a potion of attraction {unknown}
 s - 4 potions of lignification {unknown}
 u - a potion of brilliance {unknown}
 w - 2 potions of resistance {unknown}
 x - a potion of curing {unknown}
 A - a potion of ambrosia {unknown}
 G - a potion of mutation {unknown}
Miscellaneous
 y - a piece from Xom's chessboard (15/15)


   Skills:
 - Level 5.0 Fighting
 - Level 2.1 Dodging
 - Level 1.5 Stealth
 + Level 6.2 Spellcasting


You had one spell level left.
You knew the following spells:

 Your Spells              Type           Power      Damage    Failure   Level
a - Necrotise             Necr           100%       1d9       1%          1
b - Vampiric Draining     Necr           27%        2d7       4%          3
c - Animate Dead          Necr           27%        N/A       14%         4
d - Agony                 Necr           27%        N/A       36%         5
e - Beastly Appendage     Tmut           54%        N/A       1%          1
f - Scorch                Fire           54%        2d8       1%          2
g - Ensorcelled Hibernat  Hex/Ice        54%        N/A       1%          2
Your spell library was empty.

Dungeon Overview and Level Annotations

Branches:
Dungeon (8/15)             Temple (1/1) D:7
   Lair: D:8-11

Altars:
Ashenzari
Elyvilon
Fedhas
Makhleb
Nemelex Xobeh
Okawaru
Qazlal
Uskayaw
Wu Jian
Xom

Shops:
D:1 [

Annotations:
D:3 3 runed translucent doors, xian's ghost, amateur MiBe
D:7 2 runed translucent doors


Innate Abilities, Weirdness & Mutations

You are immune to sickness and miasma.
You are immune to poison.
Your flesh is very heat resistant. (rF++)
You are vulnerable to cold. (rC-)
You float through the air rather than walking.
You learn spells naturally, not from books.
Your magical power is your life essence.
You have superior vitality. (+4 MHP)


Message History

As you read the scroll labelled EWIPHO MUNIRPH, it crumbles to dust.
You feel strangely unstable.
It was a scroll of teleportation.
The phantom hits you.
* * * LOW HITPOINT WARNING * * *
The phantom blinks!
You blink.
Unknown command.
The centaur wields a +0 shortbow.
The centaur shoots an arrow.
The arrow hits you.
* * * LOW HITPOINT WARNING * * *
The centaur is no longer more vulnerable to fire.
The phantom is no longer more vulnerable to fire.
The orc priest looks braver for a moment.
Unknown command.
The phantom attacks as you move away! The phantom barely misses you.
Your surroundings suddenly seem different.
Found a kite shield.
Casting: Scorch (safe; 1% risk of failure)
Confirm with . or Enter, or press ? or * to list all spells.
Aiming: Vampiric Draining (dangerous; 4% risk of failure)
Press: ? - help, Shift-Dir - straight line, f - gnoll bouda
Aim: a gnoll bouda, wielding a +0 club and wearing a +2 robe of willpower You draw life force from the gnoll bouda!
You feel life coursing into your body.
* * * LOW HITPOINT WARNING * * *
The gnoll bouda hits you with a +0 club.
* * * LOW HITPOINT WARNING * * *
Casting: Vampiric Draining (dangerous; 4% risk of failure)
Confirm with . or Enter, or press ? or * to list all spells.
Aiming: Vampiric Draining (dangerous; 4% risk of failure)
Press: ? - help, Shift-Dir - straight line, f/p - gnoll bouda
Aim: a gnoll bouda, wielding a +0 club and wearing a +2 robe of willpower (severely wounded)
You draw life force from the gnoll bouda.
You feel life coursing into your body.
* * * LOW HITPOINT WARNING * * *
The gnoll bouda hits you with a +0 club!
* * * LOW HITPOINT WARNING * * *
You barely miss the gnoll bouda.
The gnoll bouda is almost dead.
The gnoll bouda hits you with a +0 club!
You die...

##..#..# #..# #.######
##.##..# #..# #.#....#.
....#..# #.. #........
)......# ... ##.#......
.......^# #........>
.#........ ......[...g
.......... #.#....o...#
###....... #.#g#......#
.. ....... # #@##..$..#
....#.................#
...#.##.#..##.##.....#
...[ ..# .##. . .#.#...
... # . ...#.....#...
.#####..#.... ..#. ...
....#... .## ##
..###..##..# .


You could see a gnoll bouda.

Vanquished Creatures
  A water moccasin (D:7)
  2 ice beasts
  A scorpion (D:5)
  A howler monkey (D:7)
  A hound (D:3)
  2 jellies
  Ijyb (D:3)
  An orc wizard (D:3)
  9 adders
  A white imp (D:7)
  A worm (D:4)
  3 dart slugs
  11 orcs
  5 ball pythons
  7 endoplasms
  6 giant cockroaches
  12 goblins
  15 hobgoblins
  7 kobolds
  5 quokkas
  9 bats
  A frilled lizard (D:1)
  9 rats
  A spectral kobold (D:1)
112 creatures vanquished.

Vanquished Creatures (collateral kills)
  An orc wizard (D:4)
  Robin (D:3)
  An adder (D:2)
  An orc (D:5)
  A bat (D:3)
  2 goblins (D:3)
  3 hobgoblins
  2 kobolds
  A rat (D:2)
  2 butterflies (D:3)
15 creatures vanquished.

Vanquished Creatures (others)
  4 hobgoblin zombies (D:3)
  4 goblin zombies (D:3)
  2 orc zombies (D:5)
10 creatures vanquished.

Grand Total: 137 creatures vanquished

Notes
Turn   | Place    | Note
-------+----------+-------------------------------------------
     0 | D:1      | ptdevnull the Djinni Necromancer began the quest for the
                  | Orb.
     0 | D:1      | ptdevnull set off with the following spells memorised:
                  | Necrotise, Vampiric Draining, Animate Dead, Agony.
     0 | D:1      | Reached XP level 1. HP: 15/15 MP: 0/0
   352 | D:1      | Found Tiuti's Antique Armour Shop.
   528 | D:1      | Reached XP level 2. HP: 9/22 MP: 0/0
   953 | D:1      | Reached skill level 1 in Fighting
  1088 | D:1      | Found a faded altar of an unknown god.
  1356 | D:1      | Reached XP level 3. HP: 24/27 MP: 0/0
  1356 | D:1      | Learned a level 1 spell: Beastly Appendage
  2081 | D:2      | Reached XP level 4. HP: 29/32 MP: 0/0
  2085 | D:2      | Reached skill level 4 in Spellcasting
  3297 | D:2      | Reached XP level 5. HP: 24/38 MP: 0/0
  3297 | D:2      | Learned a level 2 spell: Scorch
  3563 | D:3      | Found a runed translucent gate.
  3563 | D:3      | Found a runed translucent gate.
  3563 | D:3      | Found a runed translucent gate.
  3563 | D:3      | Noticed xian's ghost (amateur MiBe)
  3864 | D:3      | Found a shimmering altar of Xom.
  3873 | D:3      | Noticed Robin
  3889 | D:3      | Killed Robin
  3903 | D:3      | Your ally Robin died
  4161 | D:3      | Found a faded altar of an unknown god.
  4239 | D:3      | Reached XP level 6. HP: 44/45 MP: 0/0
  4343 | D:3      | Noticed an ice beast
  4363 | D:3      | Killed an ice beast
  4364 | D:3      | Reached skill level 5 in Spellcasting
  4431 | D:3      | Found a white marble altar of Elyvilon.
  4511 | D:3      | Noticed Ijyb
  4515 | D:3      | Killed Ijyb
  4793 | D:4      | Reached XP level 7. HP: 49/50 MP: 0/0
  4793 | D:4      | Learned a level 2 spell: Ensorcelled Hibernation
  4975 | D:4      | Found a blossoming altar of Fedhas.
  5057 | D:4      | Identified the +10 sling of War {flame, rCorr SInv Stlth+}
  5063 | D:5      | Entered Level 5 of the Dungeon
  5535 | D:5      | You are sucked into a shaft and drop 3 floors!
  5855 | D:7      | Found a staircase to the Ecumenical Temple.
  5865 | Temple   | Entered the Ecumenical Temple
  6393 | Temple   | Became a worshipper of Ashenzari the Shackled
  6429 | D:7      | Reached skill level 6 in Spellcasting
  6483 | D:7      | Noticed a water moccasin
  6497 | D:7      | Killed a water moccasin
  6498 | D:7      | Reached skill level 5 in Fighting
  6498 | D:7      | Reached XP level 8. HP: 47/59 MP: 0/0
  6575 | D:7      | Identified the +1 arbalest of Woclycko {vorpal, rF+ Stlth+}
  6591 | D:7      | Found a large runed translucent door.
  6592 | D:7      | Found a large runed translucent door.
  6651 | D:7      | HP: 2/59 [gnoll bouda/+0 club (9)]
  6652 | D:7      | Mangled by a gnoll bouda

Illustrated notes

Levels and vault maps discovered:
D:1:      ebering_hopf_link, layout_basic,
          dreamdust_ecumenical_altar_drowned_temple, serial_shops, shop
D:2:      layout_loops_corners, amcnicky_mini_pool_small, minivault_14,
          minmay_joined_circles
D:3:      minmay_inner_zag, layout_basic, xom_butterflies,
          mainiacjoe_overflow_paths, nicolae_overflow_ecumenical_swirl,
          ebering_ghost_rock_garden, uniq_ijyb, uniq_robin
D:4:      layout_basic, fedhas_altar_2, serial_shops, nicolae_lakefront_shop,
          wad_floor_pattern_2
D:5:      layout_basic, lemuel_round_altar, grunt_temple_overflow_diamond,
          minivault_5
D:7:      layout_basic, jmf_multi_god_temple2, minmay_temple_entry_grid,
          uniq_maggie
D:8:      layout_basic, enter_bailey_3
Temple:   chequers_temple_sunken

Skill      XL: |  1  2  3  4  5  6  7 |
---------------+----------------------+-----
Fighting       | 1 2 3 5 |  5.0
Spellcasting   | 4 5 6 |  6.2
Dodging        | |  2.1
Stealth        | |  1.5

Action                   |  1- 3 |  4- 6 |  7- 9 || total
-------------------------+-------+-------+-------++-------
Melee: Unarmed           |    12 |       |       ||    12
       Rapier            |       |    18 |       ||    18
       Dagger            |       |     3 |    15 ||    18
 Cast: Necrotise         |    44 |   127 |    56 ||   227
       Vampiric Draining |       |     5 |     8 ||    13
       Animate Dead      |       |     2 |     1 ||     3
       Scorch            |       |     3 |     8 ||    11
       Ensorcelled Hiber |       |       |     1 ||     1
  Use: Scroll            |       |       |     2 ||     2
 Stab: Sleeping          |       |       |     1 ||     1
Armor: Robe              |     6 |       |       ||     6
       Leather armour    |       |    24 |     5 ||    29
Dodge: Dodged            |    10 |    40 |    17 ||    67

Table legend: (Time is in decaauts)
 A = Elapsed time spent in this place.
 B = Non-inter-level travel time spent in this place.
 C = Inter-level travel time spent in this place.
 D = Time resting spent in this place.
 E = Time spent auto-exploring this place.
 F = Levels seen in this place.
 G = Mean time per level.
                   A        B        C        D        E       F      G
               +--------+--------+--------+--------+--------+-----+--------+
         Total |   6653 |   6448 |    205 |    946 |   4594 |   8 |  831.6 |
       Dungeon |   6110 |   5945 |    165 |    946 |   4099 |   7 |  872.9 |
        Temple |    542 |    502 |     40 |      0 |    495 |   1 |  542.0 |
               +--------+--------+--------+--------+--------+-----+--------+

Top non-repeatable levels by time:
     D:2: 1803 daAuts
     D:1: 1737 daAuts
     D:3: 1232 daAuts
     D:7: 571 daAuts
  Temple: 542 daAuts
     D:5: 471 daAuts
     D:4: 292 daAuts
     D:8: 2 daAuts
